 Dungeon Crawl Stone Soup version 0.27.1-34-g3ba077fa99 (webtiles) character file.

Game seed: 4245341783021149961

2203 fishdoom the Grappler (level 9, 0/83 HPs)
             Began as a Troll Transmuter on Jan 20, 2022.
             Was an Initiate of Ashenzari.
             Slain by a gnoll sergeant (3 damage)
             ... on level 5 of the Dungeon.
             The game lasted 00:17:02 (3834 turns).

fishdoom the Grappler (Troll Transmuter)            Turns: 3834, Time: 00:17:03

Health: 0/83       AC:  4    Str: 23    XL:     9   Next: 12%
Magic:  10/10      EV: 11    Int:  9    God:    Ashenzari [......]
Gold:   249        SH:  0    Dex: 10    Spells: 9/10 levels left

rFire    + . .     SeeInvis .     - Unarmed
rCold    . . .     Faith    .   (no shield)
rNeg     . . .     Spirit   .   a - +0 robe
rPois    .         Reflect  .   (helmet restricted)
rElec    .         Harm     .   (no cloak)
rCorr    .         Rampage  .   (gloves unavailable)
Will     .....                  (boots unavailable)
Stlth    +.........             (no amulet)
HPRegen  1.23/turn              o - ring of protection from fire
MPRegen  0.12/turn              (no ring)

@: no status effects
A: large, unfitting armour, claws 3, regeneration 1, shaggy fur 1, tough skin 1
a: Renounce Religion


You were on level 5 of the Dungeon.
You worshipped Ashenzari.
Ashenzari was noncommittal.
You visited 1 branch of the dungeon, and saw 6 of its levels.

You collected 249 gold pieces.

Inventory:

Armour
 a - a +0 robe (worn)
Jewellery
 o - a ring of protection from fire (left claw)
 q - an amulet of faith
Wands
 m - a wand of paralysis (8)
Scrolls
 b - a scroll of noise
 d - 3 scrolls of amnesia
 f - 4 scrolls of identify
 g - a scroll of magic mapping
 h - a scroll of teleportation
 i - a scroll of enchant weapon
 n - a scroll of blinking
 r - a scroll of summoning
 s - a scroll of brand weapon
Potions
 c - a potion of flight
 e - a potion of experience
 j - 3 potions of brilliance
 k - 3 potions of resistance
 l - a potion of invisibility
 p - a potion of degeneration


   Skills:
 * Level 3.3 Fighting
 * Level 4.9 Dodging
 * Level 10.1 Unarmed Combat
 - Level 1.4 Spellcasting
 - Level 1.8 Transmutations


You had 9 spell levels left.
You knew the following spells:

 Your Spells              Type           Power      Damage    Failure   Level
a - Beastly Appendage     Tmut           6%         N/A       17%         1

Your spell library contained the following spells:

 Spells                   Type           Power      Damage    Failure   Level
 Wereblood                Tmut           3%         N/A       26%         2
 Blink                    Tloc           N/A        N/A       47%         2
 Static Discharge         Conj/Air       0%         N/A       47%         2
 Spider Form              Tmut/Pois      1%         N/A       58%         3
 Ice Form                 Ice/Tmut       2%         N/A       94%         4
 Dispel Undead            Necr           0%         3d6       98%         4
 Sticky Flame             Conj/Fire      0%         2d3       98%         4
 Manifold Assault         Tloc           0%         N/A       100%        5
 Storm Form               Tmut/Air       1%         N/A       100%        7


Dungeon Overview and Level Annotations

Branches:
Dungeon (6/15)             Temple (0/1) D:4

Altars:
Ashenzari
Nemelex Xobeh

Shops:
D:2 [


Innate Abilities, Weirdness & Mutations

You are too large for most types of armour.
You have claws for hands.
Your natural rate of healing is unusually fast.
You are covered in fur. (AC +1)
You have tough skin. (AC +1)


Message History

The gnoll hits you.
* * * LOW HITPOINT WARNING * * *
The gnoll barely misses you.
You climb upwards.
There is a stone staircase leading down here.
You scratch the gnoll.
The gnoll is lightly wounded.
The gnoll sergeant hits you with a +0 trident!
* * * LOW HITPOINT WARNING * * *
The gnoll hits you.
* * * LOW HITPOINT WARNING * * *
You barely miss the gnoll.
The gnoll is lightly wounded.
The gnoll sergeant hits you with a +0 trident.
* * * LOW HITPOINT WARNING * * *
The gnoll hits you but does no damage.
You scratch the gnoll.
The gnoll is moderately wounded.
You closely miss the gnoll.
The gnoll is moderately wounded.
The gnoll sergeant barely misses you. The gnoll hits you.
* * * LOW HITPOINT WARNING * * *
You scratch the gnoll.
The gnoll is heavily wounded.
The gnoll sergeant hits you but does no damage.
The gnoll hits you.
* * * LOW HITPOINT WARNING * * *
You mangle the gnoll!!
You kill the gnoll!
The gnoll sergeant hits you with a +0 trident.
* * * LOW HITPOINT WARNING * * *
You scratch the gnoll sergeant but do no damage.
The gnoll sergeant hits you with a +0 trident!
* * * LOW HITPOINT WARNING * * *
You claw the gnoll sergeant!
The gnoll sergeant is moderately wounded.
You completely miss the gnoll sergeant.
The gnoll sergeant is moderately wounded.
The gnoll sergeant hits you with a +0 trident.
You die...

#..#..........#.....#............
#..#..........#.....#............
#..#..........#...†.'............
#..#..........#....[#............
#..#..........'.....#............
####..........####..#............
##....#####'#....#'####.....#####
.#....#.....#..g.#....#.....#...#
.#)...#.....#...@#....#....(#...#
##....#+##..#...(######.(...#...#
....###.##..#..........)....#...+
....#.......+...............'...#
....#.......#...............#...#
............................#'###
...#############.######.....#...#
...#...........#......#.....#...#
##.#...........#......'.....#..##


You could see a gnoll sergeant.

Vanquished Creatures
  A two-headed ogre (D:5)
  The ghost of vvl the Ruffian, a novice DrTm (D:5)
  2 black bears
  2 necrophages
  An ice beast (D:6)
  3 ogres
  A phantom (D:5)
  A bullfrog zombie (D:5)
  4 hounds
  A bullfrog skeleton (D:5)
  A centaur skeleton (D:5)
  A gnoll shaman (D:6)
  An iguana (D:4)
  Ijyb (D:4)
  8 gnolls
  4 adders
  5 orcs (D:4)
  4 ball pythons
  7 endoplasms
  2 giant cockroaches
  7 goblins
  5 hobgoblins
  7 jackals
  3 kobolds
  2 quokkas (D:4)
  5 bats
  5 rats
85 creatures vanquished.

Notes
Turn   | Place    | Note
-------+----------+-------------------------------------------
     0 | D:1      | fishdoom the Troll Transmuter began the quest for the Orb.
     0 | D:1      | Reached XP level 1. HP: 18/18 MP: 1/1
     2 | D:1      | Noticed an octopode
     2 | D:1      | Noticed a human
     4 | D:1      | Noticed a demonspawn
     4 | D:1      | Noticed an ogre
     6 | D:1      | Noticed a gargoyle
     8 | D:1      | Noticed a vine stalker
     8 | D:1      | Noticed a tengu
    10 | D:1      | Noticed a minotaur
    10 | D:1      | Noticed a ghoul
    12 | D:1      | Noticed a vampire
    14 | D:1      | Noticed a draconian
    14 | D:1      | Noticed a spriggan
    16 | D:1      | Noticed a demigod
    16 | D:1      | Noticed a troll
    18 | D:1      | Noticed a formicid
    18 | D:1      | Noticed a djinni
    20 | D:1      | Noticed a dwarf
    20 | D:1      | Noticed a merfolk
    22 | D:1      | Noticed a felid
    24 | D:1      | Noticed an elf
    24 | D:1      | Noticed a naga
    26 | D:1      | Noticed a palentonga
    26 | D:1      | Noticed a barachi
   224 | D:1      | Reached XP level 2. HP: 26/26 MP: 2/2
   313 | D:1      | Found a faded altar of an unknown god.
   540 | D:1      | Reached skill level 1 in Fighting
   699 | D:2      | Found Fodi's Antique Armour Shop.
   705 | D:2      | Reached XP level 3. HP: 33/33 MP: 3/3
  1271 | D:2      | Reached skill level 4 in Unarmed Combat
  1623 | D:3      | Reached XP level 4. HP: 41/41 MP: 4/4
  2049 | D:4      | Noticed Ijyb
  2052 | D:5      | Entered Level 5 of the Dungeon
  2052 | D:5      | Noticed a black bear
  2065 | D:4      | Killed Ijyb
  2066 | D:4      | Reached skill level 5 in Unarmed Combat
  2066 | D:4      | Reached XP level 5. HP: 36/48 MP: 6/6
  2075 | D:4      | Noticed an ogre
  2084 | D:4      | Killed an ogre
  2319 | D:4      | Noticed a black bear
  2326 | D:4      | Killed a black bear
  2327 | D:4      | Reached skill level 6 in Unarmed Combat
  2327 | D:4      | Reached XP level 6. HP: 53/55 MP: 7/7
  2425 | D:4      | Found a staircase to the Ecumenical Temple.
  2655 | D:5      | Reached skill level 7 in Unarmed Combat
  2655 | D:5      | Reached XP level 7. HP: 57/63 MP: 8/8
  2794 | D:5      | Found a transporter.
  2794 | D:5      | Noticed vvl's ghost (novice DrTm)
  2910 | D:5      | Found a broken altar of Ashenzari.
  2910 | D:5      | Found a sparkling altar of Nemelex Xobeh.
  2919 | D:5      | Became a worshipper of Ashenzari the Shackled
  2958 | D:5      | Noticed a two-headed ogre
  2981 | D:5      | Killed a two-headed ogre
  2982 | D:5      | Reached skill level 8 in Unarmed Combat
  2982 | D:5      | Reached XP level 8. HP: 10/74 MP: 9/9
  3134 | D:5      | Reached skill level 9 in Unarmed Combat
  3275 | D:5      | Found a transporter.
  3626 | D:5      | Killed vvl's ghost
  3634 | D:5      | Reached XP level 9. HP: 21/83 MP: 10/10
  3734 | D:6      | Reached skill level 10 in Unarmed Combat
  3832 | D:5      | HP: 1/83 [gnoll sergeant (9)]
  3834 | D:5      | Slain by a gnoll sergeant

Illustrated notes

Levels and vault maps discovered:
D:1:      kb_arrival_jail, layout_loops_ring,
          hellmonk_ecumenical_altar_inner_sanctum
D:2:      layout_basic, serial_shops, shop
D:3:      layout_basic
D:4:      layout_loops_cross, minmay_temple_entry_sparse_star, uniq_ijyb
D:5:      layout_gridville, gammafunk_temple_overflow_wave,
          gammafunk_ghost_mausoleum, portal_sewer_entry_d
D:6:      layout_cave_pools, grunt_temple_overflow_holy_war,
          amcnicky_altar_gilded, serial_gnoll_camp, gnoll_camp_mini_sergeant,
          gnoll_camp_medium_02, gnoll_camp_huts_moat, gnoll_camp_mini_hut,
          hangedman_glass_teeth, minmay_shop_grid_forest, minmay_mini_ossuary

Skill      XL: |  1  2  3  4  5  6  7  8  9 |
---------------+----------------------------+-----
Fighting       | 1 2 3 |  3.3
Unarmed Combat | 4 5 6 7 8 9 10 | 10.1
Dodging        | 2 4 |  4.9
Spellcasting   | |  1.4
Transmutations | |  1.8

Action                   |  1- 3 |  4- 6 |  7- 9 || total
-------------------------+-------+-------+-------++-------
Melee: Unarmed           |    84 |    65 |   121 ||   270
       Punch             |       |     3 |     4 ||     7
       Kick              |       |       |     4 ||     4
       Headbutt          |       |       |     2 ||     2
 Cast: Beastly Appendage |     2 |     1 |     1 ||     4
  Use: Scroll            |       |       |     1 ||     1
       Potion            |       |       |     1 ||     1
 Stab: Invisible         |       |       |     1 ||     1
Armor: Robe              |    36 |    15 |    29 ||    80
Dodge: Dodged            |    26 |    41 |    70 ||   137
